 Dungeon Crawl Stone Soup version 0.30.0-10-gfe55d96785 (webtiles) character file.

Game seed: 13006745280983738411

92 AlmostDecent the Shooter (level 4, 0/27 HPs)
             Began as a Gargoyle Hunter on May 14, 2023.
             Was a Follower of Okawaru.
             Slain by Exaltedone87's ghost (10 damage)
             ... on level 3 of the Dungeon.
             The game lasted 00:04:38 (1075 turns).

AlmostDecent the Shooter (Gargoyle Hunter)          Turns: 1075, Time: 00:04:39

Health: 0/27       AC:  9    Str: 15    XL:     4   Next: 60%
Magic:  2/4        EV: 12    Int:  9    God:    Okawaru [*.....]
Gold:   122        SH:  0    Dex: 15    Spells: 3/3 levels left

rFire   . . .        a - +0 shortbow
rCold   . . .        (shield currently unavailable)
rNeg    + . .        c - +0 leather armour
rPois   ∞            (no helmet)
rElec   +            d - +1 cloak
rCorr   +            (no gloves)
SInv    .            k - +0 pair of boots
Will    .....        (no amulet)
Stlth   ++           n - ring of resist corrosion
HPRegen 0.24/turn    (no ring)
MPRegen 0.09/turn

%: no passive effects
@: no status effects
A: sickness immunity, AC +3, negative energy resistance 1, electricity
resistance, torment resistance 1, petrification resistance
a: Renounce Religion, Heroism


You were on level 3 of the Dungeon.
You worshipped Okawaru.
Okawaru was aware of your devotion.
You visited 1 branch of the dungeon, and saw 3 of its levels.

You collected 122 gold pieces.

Inventory:

Hand Weapons
 a - a +0 shortbow (weapon)
Armour
 c - a +0 leather armour (worn)
 d - a +1 cloak (worn)
 k - a +0 pair of boots (worn)
Jewellery
 n - a ring of resist corrosion (left hand)
Wands
 j - a wand of flame (16)
Scrolls
 b - a scroll of immolation
 e - 3 scrolls of identify {unknown}
 f - a scroll of poison {unknown}
 g - a scroll of noise {unknown}
 h - a scroll of teleportation {unknown}
 l - a scroll of amnesia {unknown}
 m - 2 scrolls of fear {unknown}
Potions
 i - a potion of curing {unknown}
 o - a potion of resistance {unknown}


   Skills:
 + Level 2.5 Fighting
 * Level 5.7 Ranged Weapons
 - Level 1.7 Dodging
 - Level 1.1 Stealth


You had 3 spell levels left.
You didn't know any spells.
Your spell library contained the following spells:

 Spells                   Type           Power      Damage    Failure   Level
 Stone Arrow              Conj/Erth      0%         3d7       83%         3
 Lehudib's Crystal Spear  Conj/Erth      0%         10d2      100%        8
 Animate Armour           Summ/Erth      Unusable   N/A       N/A         4

Dungeon Overview and Level Annotations

Branches:
Dungeon (3/15)

Altars:
Okawaru

Annotations:
D:3 Exaltedone87's ghost, weakling AtFi


Innate Abilities, Weirdness & Mutations

You are immune to sickness and miasma.
Your stone body is resilient. (AC +3)
You are immune to poison.
You resist negative energy. (rN+)
You are resistant to electric shocks. (rElec)
You are resistant to unholy torment.
You are immune to petrification.


Message History

o - a metallic black potion
Found a runed translucent door.
Found a short sword and 3 stones.
You gain the combat prowess of a mighty hero.
You open the door. You shoot an arrow. The arrow hits Exaltedone87's ghost.
Exaltedone87's ghost is lightly damaged.
A bat comes into view.
Exaltedone87's ghost misses you.
You shoot an arrow. The arrow hits Exaltedone87's ghost.
Exaltedone87's ghost is moderately damaged.
The bat misses you.
Exaltedone87's ghost hits you but does no damage.
You shoot an arrow. The arrow hits Exaltedone87's ghost.
Exaltedone87's ghost is heavily damaged.
The bat hits you but does no damage. Exaltedone87's ghost hits you.
You shoot an arrow. The arrow hits Exaltedone87's ghost.
Exaltedone87's ghost is heavily damaged.
The bat closely misses you. Exaltedone87's ghost barely misses you.
You shoot an arrow. The arrow hits Exaltedone87's ghost.
Exaltedone87's ghost is severely damaged.
The bat barely misses you. Exaltedone87's ghost hits you!
You shoot an arrow.
The arrow barely misses Exaltedone87's ghost.
The bat hits you but does no damage. Exaltedone87's ghost barely misses you.
The bat hits you but does no damage.
You shoot an arrow. The arrow hits Exaltedone87's ghost.
Exaltedone87's ghost is severely damaged.
The bat closely misses you. Exaltedone87's ghost hits you.
You are too injured to fight recklessly!
You are too injured to fight recklessly!
You are too injured to fight recklessly!
Fire: a) +0 shortbow
Press: ? - help, Q - select action, (/) - cycle Shift-Dir - straight line, f/p - Exaltedone87's ghost
Aim: Exaltedone87's ghost (severely damaged, 76% to hit)
You shoot an arrow. The arrow hits Exaltedone87's ghost.
Exaltedone87's ghost is almost destroyed.
You feel like a meek peon again. The bat barely misses you.
Exaltedone87's ghost hits you!
You die...

#.##...##⌠##.....<
#....##...##...##
##..##.....##..#
#..#⌠.!♣?.⌠#..# #
#..##.....##..# #.#
....##...##...##...#
#)#
..........##.##...#
#.#
...#.###...#W#...#
#.#### # ##
#....@b...# #.##..
#..#.......# #.##.#
#)#.#.###...# #.##.#
#.##....
...#######.##.# #.#
#(.#..
.............# ##
#.. .##
###########.## #..
.. #.# ### ## #.##
#...


You could see Exaltedone87's ghost and a bat.

Vanquished Creatures
  Jessica (D:2)
  2 adders (D:2)
  3 dart slugs
  5 ball pythons
  4 bats
  4 endoplasms
  2 giant cockroaches
  5 goblins
  2 hobgoblins (D:2)
  2 jackals (D:1)
  2 quokkas (D:1)
  4 kobolds
  4 rats
40 creatures vanquished.

Notes
Turn   | Place    | Note
-------+----------+-------------------------------------------
     0 | D:1      | AlmostDecent the Gargoyle Hunter began the quest for the
                  | Orb.
     0 | D:1      | Reached XP level 1. HP: 12/12 MP: 1/1
    83 | D:1      | Reached XP level 2. HP: 18/18 MP: 2/2
   224 | D:1      | Found a faded altar of an unknown god.
   244 | D:1      | Prayed at the altar of an unknown god.
   244 | D:1      | Became a worshipper of Warmaster Okawaru
   244 | D:1      | Reached * piety under Okawaru
   278 | D:1      | Reached XP level 3. HP: 18/22 MP: 3/3
   481 | D:2      | Noticed Jessica
   483 | D:2      | Reached skill level 5 in Ranged Weapons
   485 | D:2      | Killed Jessica
   486 | D:2      | Reached XP level 4. HP: 20/27 MP: 4/4
   763 | D:2      | You fall into a shaft and drop 1 floor!
  1040 | D:3      | Noticed Exaltedone87's ghost (weakling AtFi)
  1051 | D:3      | Found a runed translucent door.
  1075 | D:3      | Slain by Exaltedone87's ghost

Illustrated notes

Levels and vault maps discovered:
D:1:      ebering_trefoil_twist, layout_rooms, basic_ecumenical_altar
D:2:      layout_rooms, minmay_pentomino_p2, uniq_jessica
D:3:      layout_loops_ring, mainiacjoe_overflow_surrounded_room,
          hellmonk_ghost_happy_afterlife, guppyfry_early_lair_pool

Skill      XL: |  1  2  3 |
---------------+----------+-----
Ranged Weapons | 5 |  5.7
Fighting       | |  2.5
Dodging        | |  1.7
Stealth        | |  1.1

Action                     |  1- 3 |  4- 6 || total
---------------------------+-------+-------++-------
   Fire: Shortbow          |    62 |    38 ||   100
 Invoke: Heroism           |       |     1 ||     1
 Armour: Leather armour    |     7 |     8 ||    15
  Dodge: Dodged            |     2 |    14 ||    16
